Wild vs Condors

Created - Tuesday, October 13, 2015 at 01:24

Goals
1 2 3 T
Wild 0 0 1 1
Condors 0 1 1 2
Shots
1 2 3 T
Wild 12 4 10 26
Condors 7 7 15 29

1st period

No Goal

Penalties :
FARM PLAYER10 (BAK) for Roughing (Minor) at 1:07, Ryan Parent (BAK) for Fighting (Major) at 3:43, Nick Tuzzolino (IOW) for Fighting (Major) at 3:43, Nick Tuzzolino (IOW) for instigated a fight (Minor) at 3:43, Nick Tuzzolino (IOW) for instigated a fight (10 Minutes Misconduct) at 3:43, Steve Eminger (IOW) for Tripping (Minor) at 16:44

2nd period

1. Condors , Reid Boucher 2 (David Schlemko) at 19:56 (PP)

Penalties :
Taylor Fedun (BAK) for Hooking (Minor) at 1:29, Anthony Bitetto (BAK) for Tripping (Minor) at 6:47, Michael Chaput (BAK) for Roughing (Minor) at 10:38, Danny Hobbs (IOW) for Tripping (Minor) at 13:17, Michael Mersch (BAK) for Fighting (Major) at 15:56, Nick Tuzzolino (IOW) for Fighting (Major) at 15:56, Anthony Bitetto (BAK) for Fighting (Major) at 19:22, Steve Eminger (IOW) for Fighting (Major) at 19:22, Steve Eminger (IOW) for instigated a fight (Minor) at 19:22, Steve Eminger (IOW) for instigated a fight (10 Minutes Misconduct) at 19:22

3rd period

2. Condors , Reid Boucher 3 (David Schlemko, Michael Chaput) at 2:43
3. Wild , Alex Friesen 1 (Colin Stuart) at 4:57

Penalties :
Mike Moore (IOW) for High sticking (Minor) at 9:10

Goalie Stats

Jordan Binnington (IOW), 27 saves from 29 shots - (0.931), L, 1-3-0, 59:06 minutes
Ray Emery (BAK), 25 saves from 26 shots - (0.962), W, 2-0-1, 60:00 minutes

Players Stats for Wild

Player Name              G  A  P  +/- PIM S  H  SB GA TA FO     MP     PP MP  PK MP  
------------------------------------------------------------------------------------
Alex Friesen             1  0  1   1  0   3  0  0  0  0  5/6     8:37   0:00   0:53 
Anthony Camara           0  0  0   1  0   0  1  0  0  0  0/1     6:54   0:00   0:00 
Cam Janssen              0  0  0   0  0   0  1  0  0  0  0/0    18:58   3:43   0:44 
Colin Stuart             0  1  1   1  0   1  3  0  2  1  3/6    21:51   3:34   5:50 
Dan Catenacci            0  0  0  -1  0   1  2  0  4  0  5/10   13:06   0:00   0:44 
Dana Tyrell              0  0  0   0  0   0  2  2  0  1  5/8    20:22   4:13   6:23 
Danny Hobbs              0  0  0  -1  2   1  1  0  0  2  0/0    12:50   0:00   0:00 
David Wolf               0  0  0   0  0   3  2  1  2  2  0/0    18:14   3:43   0:00 
Devin Shore              0  0  0   0  0   0  0  0  0  0  0/0     4:10   0:39   0:00 
Francis Wathier          0  0  0  -1  0   1  2  0  0  0  1/1    12:22   0:00   0:00 
Jerome Leduc             0  0  0   0  0   1  0  5  0  2  0/0    16:18   0:00   2:07 
Jon Landry               0  0  0   0  0   1  0  0  0  1  0/0    22:31   3:52   1:20 
Mark Van Guilder         0  0  0   0  0   3  3  0  2  1  6/11   20:11   3:43   1:57 
Micheal Haley            0  0  0   0  0   2  0  1  2  0  0/0    14:49   4:13   1:57 
Mike Moore               0  0  0   0  2   3  2  2  0  1  0/0    23:51   3:52   1:27 
Nick Tuzzolino           0  0  0   0  22  1  1  0  0  0  0/0    10:12   0:00   0:00 
Shane O'Brien            0  0  0   0  0   3  1  1  2  1  0/0    27:04   4:04   6:52 
Steve Eminger            0  0  0   0  19  2  1  1  0  1  0/0    18:59   4:04   3:46 

Players Stats for Condors

Player Name              G  A  P  +/- PIM S  H  SB GA TA FO     MP     PP MP  PK MP  
------------------------------------------------------------------------------------
Anthony Bitetto          0  0  0   0  7   0  2  0  0  3  0/0    17:09   4:07   1:47 
Bill Arnold              0  0  0  -1  0   2  1  1  0  0  3/6    12:06   0:00   0:00 
Daniel New               0  0  0   0  0   0  1  0  0  0  0/0     6:52   0:00   0:00 
David Schlemko           0  2  2   0  0   2  2  5  0  1  0/0    22:39   4:23   5:12 
FARM PLAYER10            0  0  0   0  2   0  1  1  0  0  0/0    19:56   3:50   2:26 
Ken Agostino             0  0  0   0  0   0  1  0  0  0  1/1     9:38   0:53   0:00 
Kris Newbury             0  0  0   0  0   2  2  0  3  0  1/3    19:28   3:50   1:40 
Michael Chaput           0  1  1   0  2   6  0  0  1  1  2/8    21:19   3:55   2:43 
Michael Mersch           0  0  0   0  5   0  2  0  2  0  1/1    11:18   0:00   2:00 
Pat Cannone              0  0  0   0  0   0  0  0  1  1  2/4    10:59   0:20   0:00 
Reid Boucher             2  0  2   1  0   4  2  0  2  0  0/0    14:03   4:40   1:37 
Rob Bordson              0  0  0  -1  0   0  1  2  1  0  0/1    12:06   0:00   0:00 
Ryan Parent              0  0  0   0  5   1  1  2  0  1  0/0    11:44   0:00   1:45 
Steven Kampfer           0  0  0   0  0   6  2  1  3  1  0/0    26:53   4:23   5:12 
Taylor Fedun             0  0  0   0  2   3  1  2  0  3  0/0    19:47   4:07   1:56 
Teemu Pulkkinen          0  0  0   1  0   2  1  1  2  0  2/7    22:15   4:12   3:49 
Tommy Cross              0  0  0   0  0   0  1  0  1  0  0/0    14:59   0:00   0:00 
Tyler Graovac            0  0  0   0  0   1  0  0  5  0  6/12   18:41   3:50   1:37 

3 Stars

1 - Reid Boucher (BAK)
2 - Ray Emery (BAK)
3 - David Schlemko (BAK)

Power Play

Wild - 0 on 4 Attempt(s) - 0.00%
Condors - 1 on 5 Attempt(s) - 20.00%

Penalty Kill

Wild - 4 on 5 Attempt(s) - 80.00% - Score 0 goal in Penalty Kill
Condors - 4 on 4 Attempt(s) - 100.00% - Score 0 goal in Penalty Kill

Team Stat

Wild - Hits : 22 - Faceoff Wins : 25 - Blocked Shots : 13 - Penalty Minutes : 45
Condors - Hits : 21 - Faceoff Wins : 18 - Blocked Shots : 15 - Penalty Minutes : 23

Official

Referees : Unknown
Linesman : Unknown

Game Notes

Nick Tuzzolino beats up Ryan Parent at 3:43 of 1st period
Michael Mersch and Nick Tuzzolino fight to a draw at 15:56 of 2nd period
Steve Eminger beats up Anthony Bitetto at 19:22 of 2nd period
Micheal Haley is injured at 19:59 of 3rd period (Bruised Right Arm)

Finance

Level 1 -- Attendance: 1514 (75.70%) -- Ticket Income $60,560
Level 2 -- Attendance: 693 (69.30%) -- Ticket Income $13,860
Total Attendance: 2207 (73.57%)
Total Ticket Income: $74,420
Other Income: $36,466
Total Income: $110,886

Wild

5 vs 5 Forward 
   Center                   Left Wing                Right Wing               Time % Phy DF OF 
 1 Dana Tyrell              Colin Stuart             Micheal Haley            35     1   2  2  
 2 Mark Van Guilder         David Wolf               Cam Janssen              30     1   2  2  
 3 Dan Catenacci            Francis Wathier          Danny Hobbs              22     1   2  2  
 4 Alex Friesen             Anthony Camara           Colin Stuart             13     1   2  2  

5 vs 5 Defense 
   Defense                  Defense                                           Time % Phy DF OF 
 1 Shane O'Brien            Steve Eminger                                     35     1   2  2  
 2 Jon Landry               Mike Moore                                        30     1   2  2  
 3 Nick Tuzzolino           Jerome Leduc                                      22     1   2  2  
 4 Shane O'Brien            Steve Eminger                                     13     1   2  2  

PowerPlay Forward 
   Center                   Left Wing                Right Wing               Time % Phy DF OF 
 1 Dana Tyrell              Colin Stuart             Micheal Haley            60     1   2  2  
 2 Mark Van Guilder         David Wolf               Cam Janssen              40     1   2  2  

PowerPlay Defense
   Defense                  Defense                                           Time % Phy DF OF 
 1 Shane O'Brien            Steve Eminger                                     60     1   2  2  
 2 Jon Landry               Mike Moore                                        40     1   2  2  

Penalty Kill 4 Players Forward 
   Center                   Wing                     Time % Phy DF OF 
 1 Colin Stuart             Dana Tyrell              60     1   2  2  
 2 Mark Van Guilder         Micheal Haley            40     1   2  2  

Penalty Kill 4 Players Defense
   Defense                  Defense                  Time % Phy DF OF 
 1 Shane O'Brien            Steve Eminger            60     1   2  2  
 2 Jon Landry               Mike Moore               40     1   2  2  

Penalty Kill - 3 Players Forward 
   Forward                                           Time % Phy DF OF 
 1 Colin Stuart                                      60     1   2  2  
 2 Dana Tyrell                                       40     1   2  2  

Penalty Kill - 3 Players Defense
   Defense                  Defense                  Time % Phy DF OF 
 1 Shane O'Brien            Steve Eminger            60     1   2  2  
 2 Jon Landry               Mike Moore               40     1   2  2  

4 vs 4 Forward 
   Center                   Wing                     Time % Phy DF OF 
 1 Colin Stuart             Dana Tyrell              60     1   2  2  
 2 Mark Van Guilder         Micheal Haley            40     1   2  2  

4 vs 4 Defense
   Defense                  Defense                  Time % Phy DF OF 
 1 Shane O'Brien            Steve Eminger            60     1   2  2  
 2 Jon Landry               Mike Moore               40     1   2  2  

Last Minutes Offensive
   Center                   Left Wing                Right Wing               Defense                  Defense                  
   Dana Tyrell              Colin Stuart             Micheal Haley            Shane O'Brien            Steve Eminger            

Last Minutes Defensive
   Center                   Left Wing                Right Wing               Defense                  Defense                  
   Dana Tyrell              Colin Stuart             Micheal Haley            Shane O'Brien            Steve Eminger            

Goaltenders
Starting : Jordan Binnington        
Backup : Doug Carr                

Extra Forwards
Normal : Devin Shore, Dan Catenacci, Alex Friesen - PP : Devin Shore, Dan Catenacci - PK : Alex Friesen
Extra Defensemen
Normal : Nick Tuzzolino, Jerome Leduc, Jon Landry - PP : Nick Tuzzolino - PK : Jerome Leduc, Jon Landry
Penalty Shots
Colin Stuart, Dana Tyrell, Mark Van Guilder, Micheal Haley, David Wolf

Condors

5 vs 5 Forward 
   Center                   Left Wing                Right Wing               Time % Phy DF OF 
 1 Michael Chaput           Teemu Pulkkinen          Reid Boucher             35     1   2  2  
 2 Tyler Graovac            Kris Newbury             FARM PLAYER10            30     1   2  2  
 3 Pat Cannone              Michael Mersch           Teemu Pulkkinen          22     1   2  2  
 4 Bill Arnold              Rob Bordson              Michael Chaput           13     1   2  2  

5 vs 5 Defense 
   Defense                  Defense                                           Time % Phy DF OF 
 1 Steven Kampfer           David Schlemko                                    35     1   2  2  
 2 Taylor Fedun             Anthony Bitetto                                   30     1   2  2  
 3 Tommy Cross              Ryan Parent                                       22     1   2  2  
 4 Daniel New               Steven Kampfer                                    13     1   2  2  

PowerPlay Forward 
   Center                   Left Wing                Right Wing               Time % Phy DF OF 
 1 Michael Chaput           Teemu Pulkkinen          Reid Boucher             60     1   2  2  
 2 Tyler Graovac            Kris Newbury             FARM PLAYER10            40     1   2  2  

PowerPlay Defense
   Defense                  Defense                                           Time % Phy DF OF 
 1 Steven Kampfer           David Schlemko                                    60     1   2  2  
 2 Taylor Fedun             Anthony Bitetto                                   40     1   2  2  

Penalty Kill 4 Players Forward 
   Center                   Wing                     Time % Phy DF OF 
 1 Teemu Pulkkinen          Michael Chaput           60     1   2  2  
 2 Reid Boucher             Tyler Graovac            40     1   2  2  

Penalty Kill 4 Players Defense
   Defense                  Defense                  Time % Phy DF OF 
 1 Steven Kampfer           David Schlemko           60     1   2  2  
 2 Taylor Fedun             Anthony Bitetto          40     1   2  2  

Penalty Kill - 3 Players Forward 
   Forward                                           Time % Phy DF OF 
 1 Teemu Pulkkinen                                   60     1   2  2  
 2 Michael Chaput                                    40     1   2  2  

Penalty Kill - 3 Players Defense
   Defense                  Defense                  Time % Phy DF OF 
 1 Steven Kampfer           David Schlemko           60     1   2  2  
 2 Taylor Fedun             Anthony Bitetto          40     1   2  2  

4 vs 4 Forward 
   Center                   Wing                     Time % Phy DF OF 
 1 Teemu Pulkkinen          Michael Chaput           60     1   2  2  
 2 Reid Boucher             Tyler Graovac            40     1   2  2  

4 vs 4 Defense
   Defense                  Defense                  Time % Phy DF OF 
 1 Steven Kampfer           David Schlemko           60     1   2  2  
 2 Taylor Fedun             Anthony Bitetto          40     1   2  2  

Last Minutes Offensive
   Center                   Left Wing                Right Wing               Defense                  Defense                  
   Michael Chaput           Teemu Pulkkinen          Reid Boucher             Steven Kampfer           David Schlemko           

Last Minutes Defensive
   Center                   Left Wing                Right Wing               Defense                  Defense                  
   Michael Chaput           Teemu Pulkkinen          Reid Boucher             Steven Kampfer           David Schlemko           

Goaltenders
Starting : Ray Emery                
Backup : Joe Cannata              

Extra Forwards
Normal : Ken Agostino, Pat Cannone, Michael Mersch - PP : Ken Agostino, Pat Cannone - PK : Michael Mersch
Extra Defensemen
Normal : Tommy Cross, Ryan Parent, Daniel New - PP : Tommy Cross - PK : Ryan Parent, Daniel New
Penalty Shots
Teemu Pulkkinen, Michael Chaput, Reid Boucher, Tyler Graovac, Kris Newbury

% Time on Ice - Wild

Lines # - Real PCT - Wanted PCT - Time Play
Normal Forward
1 - 22% - 35% - 9:23
2 - 34% - 30% - 14:31
3 - 29% - 22% - 12:22
4 - 16% - 13% - 6:54
Normal Defense
1 - 34% - 35% - 14:32
2 - 29% - 30% - 12:20
3 - 37% - 22% - 16:00
4 - 1% - 13% - 0:18
PP Forward
1 - 53% - 60% - 4:13
2 - 47% - 40% - 3:43
PP Defense
1 - 51% - 60% - 4:04
2 - 49% - 40% - 3:52
PK Forward
1 - 77% - 60% - 6:33
2 - 23% - 40% - 1:57
PK Defense
1 - 84% - 60% - 7:10
2 - 16% - 40% - 1:20
PK3 Forward
1 - 0% - 60%
2 - 0% - 40%
PK3 Defense
1 - 0% - 60%
2 - 0% - 40%
44 Forward
1 - 0% - 60%
2 - 0% - 40%
44 Defense
1 - 0% - 60%
2 - 0% - 40%
Last Minute Offensive  - 0:24
Last Minute Defensive  - 0:00
Total
Forward - 60:00
Defense - 60:00

% Time on Ice - Condors

Lines # - Real PCT - Wanted PCT - Time Play
Normal Forward
1 - 19% - 35% - 8:04
2 - 31% - 30% - 13:14
3 - 22% - 22% - 9:34
4 - 28% - 13% - 12:06
Normal Defense
1 - 29% - 35% - 12:29
2 - 32% - 30% - 13:37
3 - 29% - 22% - 12:38
4 - 10% - 13% - 4:14
PP Forward
1 - 55% - 60% - 4:40
2 - 45% - 40% - 3:50
PP Defense
1 - 52% - 60% - 4:23
2 - 48% - 40% - 4:07
PK Forward
1 - 80% - 60% - 6:19
2 - 20% - 40% - 1:37
PK Defense
1 - 66% - 60% - 5:12
2 - 34% - 40% - 2:44
PK3 Forward
1 - 0% - 60%
2 - 0% - 40%
PK3 Defense
1 - 0% - 60%
2 - 0% - 40%
44 Forward
1 - 0% - 60%
2 - 0% - 40%
44 Defense
1 - 0% - 60%
2 - 0% - 40%
Last Minute Offensive  - 0:00
Last Minute Defensive  - 0:36
Total
Forward - 60:00
Defense - 60:00

Play by Play

1st period


0:01 of 1st period - Michael Chaput wins face-off versus Dana Tyrell in neutral zone.
0:32 of 1st period - Slapshot by Micheal Haley.
0:32 of 1st period - Stopped by Ray Emery with a rebound.
0:34 of 1st period - Wrist shot by Steve Eminger.
0:34 of 1st period - Deflect By David Schlemko.
0:34 of 1st period - Stopped by Ray Emery without a rebound.
0:35 of 1st period - Tyler Graovac wins face-off versus Mark Van Guilder in Condors zone.
1:00 of 1st period - Snap shot by David Wolf.
1:00 of 1st period - Shot Misses the Net.
1:07 of 1st period - Minor Penalty to FARM PLAYER10 for Roughing.
1:08 of 1st period - Teemu Pulkkinen wins face-off versus Dana Tyrell in Condors zone.
1:32 of 1st period - Snap shot by Dana Tyrell.
1:32 of 1st period - Shot Misses the Net.
2:06 of 1st period - David Schlemko is hit by Shane O'Brien and loses puck.
2:11 of 1st period - Wrist shot by David Wolf.
2:11 of 1st period - Shot Misses the Net.
2:13 of 1st period - Snap shot by Mark Van Guilder.
2:13 of 1st period - Stopped by Ray Emery with a rebound.
2:15 of 1st period - Slapshot by Jon Landry.
2:15 of 1st period - Stopped by Ray Emery with a rebound.
2:17 of 1st period - Slapshot by Mike Moore.
2:17 of 1st period - Stopped by Ray Emery with a rebound.
2:45 of 1st period - Colin Stuart is hit by David Schlemko.
3:07 of 1st period - Penalty to FARM PLAYER10 is over, FARM PLAYER10 is back on ice.
3:43 of 1st period - Nick Tuzzolino beats up Ryan Parent.
3:43 of 1st period - Penalty to Ryan Parent for Fighting.
3:43 of 1st period - Penalty to Nick Tuzzolino for Fighting.
3:43 of 1st period - Penalty to Nick Tuzzolino for instigated a fight.
3:43 of 1st period - Penalty to Nick Tuzzolino for instigated a fight.
3:44 of 1st period - Tyler Graovac wins face-off versus Colin Stuart in Condors zone.
4:03 of 1st period - Snap shot by Kris Newbury.
4:03 of 1st period - Shot Blocked by Dana Tyrell.
4:27 of 1st period - Steve Eminger is hit by Anthony Bitetto and loses puck.
4:52 of 1st period - Steve Eminger is hit by Steven Kampfer and loses puck.
5:43 of 1st period - Penalty to Nick Tuzzolino is over, Alex Friesen is send on ice.
6:19 of 1st period - Bill Arnold is hit by Dan Catenacci and loses puck.
6:25 of 1st period - Off-side.
6:26 of 1st period - Pat Cannone wins face-off versus Mark Van Guilder in neutral zone.
7:11 of 1st period - Wrist shot by Tyler Graovac.
7:11 of 1st period - Shot Blocked by David Wolf.
8:08 of 1st period - Wrist shot by Colin Stuart.
8:08 of 1st period - Stopped by Ray Emery without a rebound.
8:09 of 1st period - Pat Cannone wins face-off versus Alex Friesen in Condors zone.
8:30 of 1st period - Wrist shot by Kris Newbury.
8:30 of 1st period - Shot Blocked by Jerome Leduc.
8:46 of 1st period - Snap shot by Dan Catenacci.
8:46 of 1st period - Shot Blocked by FARM PLAYER10.
9:53 of 1st period - Dana Tyrell is hit by Kris Newbury and loses puck.
10:03 of 1st period - Slapshot by Steven Kampfer.
10:03 of 1st period - Stopped by Jordan Binnington with a rebound.
10:05 of 1st period - Slapshot by Steven Kampfer.
10:05 of 1st period - Deflect By Micheal Haley.
10:05 of 1st period - Stopped by Jordan Binnington without a rebound.
10:06 of 1st period - Kris Newbury wins face-off versus Dan Catenacci in Wild zone.
10:25 of 1st period - Snap shot by Dan Catenacci.
10:25 of 1st period - Stopped by Ray Emery with a rebound.
10:27 of 1st period - Slapshot by Steve Eminger.
10:27 of 1st period - Shot Misses the Net.
10:45 of 1st period - Snap shot by Steven Kampfer.
10:45 of 1st period - Shot Misses the Net.
10:51 of 1st period - David Schlemko is hit by Colin Stuart and loses puck.
11:20 of 1st period - Snap shot by Mark Van Guilder.
11:20 of 1st period - Shot Blocked by Taylor Fedun.
11:22 of 1st period - Slapshot by Mike Moore.
11:22 of 1st period - Stopped by Ray Emery with a rebound.
11:46 of 1st period - Jon Landry is hit by Anthony Bitetto and loses puck.
11:55 of 1st period - Reid Boucher is hit by Francis Wathier.
12:24 of 1st period - Steve Eminger is hit by Ryan Parent and loses puck.
12:37 of 1st period - Mark Van Guilder is hit by Michael Mersch and loses puck.
13:11 of 1st period - Steven Kampfer is hit by Danny Hobbs and loses puck.
13:28 of 1st period - Slapshot by Shane O'Brien.
13:28 of 1st period - Shot Blocked by David Schlemko.
13:30 of 1st period - Slapshot by Shane O'Brien.
13:30 of 1st period - Stopped by Ray Emery with a rebound.
13:32 of 1st period - Slapshot by Devin Shore.
13:32 of 1st period - Deflect By Alex Friesen.
13:32 of 1st period - Shot Misses the Net.
13:32 of 1st period - Puck is out of play.
13:33 of 1st period - Alex Friesen wins face-off versus Kris Newbury in Condors zone.
14:38 of 1st period - Slapshot by Steven Kampfer.
14:38 of 1st period - Shot Misses the Net.
15:03 of 1st period - Devin Shore is hit by Daniel New and loses puck.
15:26 of 1st period - Mark Van Guilder is hit by Tommy Cross and loses puck.
15:37 of 1st period - Snap shot by David Wolf.
15:37 of 1st period - Deflect By Mark Van Guilder.
15:37 of 1st period - Stopped by Ray Emery with a rebound.
15:39 of 1st period - Slapshot by David Wolf.
15:39 of 1st period - Stopped by Ray Emery without a rebound.
15:40 of 1st period - Ken Agostino wins face-off versus Mark Van Guilder in Condors zone.
16:04 of 1st period - Reid Boucher is hit by David Wolf and loses puck.
16:25 of 1st period - Snap shot by Danny Hobbs.
16:25 of 1st period - Shot Blocked by David Schlemko.
16:29 of 1st period - Wrist shot by Francis Wathier.
16:29 of 1st period - Shot Misses the Net.
16:31 of 1st period - Snap shot by Danny Hobbs.
16:31 of 1st period - Shot Blocked by Rob Bordson.
16:44 of 1st period - Minor Penalty to Steve Eminger for Tripping.
16:45 of 1st period - Tyler Graovac wins face-off versus Colin Stuart in Wild zone.
16:47 of 1st period - Snap shot by Tyler Graovac.
16:47 of 1st period - Shot Blocked by Jerome Leduc.
16:49 of 1st period - Snap shot by Tyler Graovac.
16:49 of 1st period - Shot Blocked by Dana Tyrell.
17:00 of 1st period - Slapshot by Taylor Fedun.
17:00 of 1st period - Stopped by Jordan Binnington with a rebound.
17:18 of 1st period - Taylor Fedun is hit by Colin Stuart and loses puck.
18:10 of 1st period - Wrist shot by Michael Chaput.
18:10 of 1st period - Stopped by Jordan Binnington without a rebound.
18:11 of 1st period - Colin Stuart wins face-off versus Michael Chaput in Wild zone.
18:34 of 1st period - Colin Stuart is hit by Teemu Pulkkinen and loses puck.
18:39 of 1st period - Backhand shot by Teemu Pulkkinen.
18:39 of 1st period - Deflect By Dana Tyrell.
18:39 of 1st period - Stopped by Jordan Binnington with a rebound.
18:43 of 1st period - 10 Minutes Misconduct Penalty to Nick Tuzzolino is over.
18:44 of 1st period - Penalty to Steve Eminger is over, Steve Eminger is back on ice.
18:53 of 1st period - Snap shot by Bill Arnold.
18:53 of 1st period - Stopped by Jordan Binnington with a rebound.
19:13 of 1st period - Wrist shot by David Wolf.
19:13 of 1st period - Shot Blocked by Bill Arnold.
19:15 of 1st period - Wrist shot by Cam Janssen.
19:15 of 1st period - Shot Misses the Net.
19:17 of 1st period - Slapshot by Nick Tuzzolino.
19:17 of 1st period - Shot Blocked by Rob Bordson.
19:19 of 1st period - Slapshot by Steve Eminger.
19:19 of 1st period - Stopped by Ray Emery without a rebound.
19:20 of 1st period - Mark Van Guilder wins face-off versus Tyler Graovac in Condors zone.
19:33 of 1st period - Snap shot by Kris Newbury.
19:33 of 1st period - Stopped by Jordan Binnington with a rebound.
Goals for this period are 0 for Wild vs 0 for Condors.
Shots for this period are 12 for Wild vs 7 for Condors.

2nd period


0:01 of 2nd period - Dana Tyrell wins face-off versus Teemu Pulkkinen in neutral zone.
0:57 of 2nd period - Kris Newbury is hit by Mark Van Guilder.
1:29 of 2nd period - Minor Penalty to Taylor Fedun for Hooking.
1:30 of 2nd period - Dana Tyrell wins face-off versus Teemu Pulkkinen in Condors zone.
1:33 of 2nd period - Wrist shot by Dana Tyrell.
1:33 of 2nd period - Shot Misses the Net.
3:03 of 2nd period - Slapshot by Michael Mersch.
3:03 of 2nd period - Shot Misses the Net.
3:05 of 2nd period - Wrist shot by Steven Kampfer.
3:05 of 2nd period - Deflect By Michael Mersch.
3:05 of 2nd period - Shot Misses the Net.
3:05 of 2nd period - Puck is out of play.
3:06 of 2nd period - Michael Mersch wins face-off versus Mark Van Guilder in Wild zone.
3:07 of 2nd period - Snap shot by Steven Kampfer.
3:07 of 2nd period - Shot Misses the Net.
3:19 of 2nd period - Snap shot by David Wolf.
3:19 of 2nd period - Deflect By Mark Van Guilder.
3:19 of 2nd period - Stopped by Ray Emery with a rebound.
3:23 of 2nd period - Wrist shot by Mark Van Guilder.
3:23 of 2nd period - Shot Blocked by Steven Kampfer.
3:29 of 2nd period - Penalty to Taylor Fedun is over, Taylor Fedun is back on ice.
3:59 of 2nd period - Dan Catenacci is hit by Michael Mersch and loses puck.
4:26 of 2nd period - Michael Chaput is hit by Colin Stuart and loses puck.
5:12 of 2nd period - Tyler Graovac is hit by Francis Wathier and loses puck.
6:47 of 2nd period - Minor Penalty to Anthony Bitetto for Tripping.
6:48 of 2nd period - Teemu Pulkkinen wins face-off versus Dana Tyrell in Condors zone.
7:24 of 2nd period - Michael Chaput is hit by Cam Janssen and loses puck.
7:47 of 2nd period - Snap shot by Reid Boucher.
7:47 of 2nd period - Shot Misses the Net.
8:47 of 2nd period - Penalty to Anthony Bitetto is over, Anthony Bitetto is back on ice.
8:59 of 2nd period - Micheal Haley is hit by Ken Agostino and loses puck.
9:14 of 2nd period - Snap shot by Bill Arnold.
9:14 of 2nd period - Shot Blocked by Jerome Leduc.
9:17 of 2nd period - Icing by Dana Tyrell.
9:18 of 2nd period - Dana Tyrell wins face-off versus Tyler Graovac in Wild zone.
9:37 of 2nd period - Slapshot by Nick Tuzzolino.
9:37 of 2nd period - Stopped by Ray Emery without a rebound.
9:38 of 2nd period - Tyler Graovac wins face-off versus Dan Catenacci in Condors zone.
10:38 of 2nd period - Minor Penalty to Michael Chaput for Roughing.
10:39 of 2nd period - Mark Van Guilder wins face-off versus Teemu Pulkkinen in Condors zone.
10:44 of 2nd period - Slapshot by David Wolf.
10:44 of 2nd period - Shot Blocked by Teemu Pulkkinen.
10:46 of 2nd period - Slapshot by Steve Eminger.
10:46 of 2nd period - Shot Blocked by David Schlemko.
10:48 of 2nd period - Slapshot by Steve Eminger.
10:48 of 2nd period - Shot Misses the Net.
10:50 of 2nd period - Slapshot by Shane O'Brien.
10:50 of 2nd period - Deflect By David Wolf.
10:50 of 2nd period - Stopped by Ray Emery with a rebound.
10:52 of 2nd period - Slapshot by Steve Eminger.
10:52 of 2nd period - Shot Misses the Net.
10:54 of 2nd period - Slapshot by Steve Eminger.
10:54 of 2nd period - Shot Blocked by David Schlemko.
11:12 of 2nd period - Steven Kampfer is hit by Steve Eminger and loses puck.
11:59 of 2nd period - Icing by Jon Landry.
12:00 of 2nd period - Dana Tyrell wins face-off versus Teemu Pulkkinen in Wild zone.
12:13 of 2nd period - Anthony Bitetto is hit by Mike Moore and loses puck.
12:38 of 2nd period - Penalty to Michael Chaput is over, Michael Chaput is back on ice.
12:50 of 2nd period - Wrist shot by Michael Chaput.
12:50 of 2nd period - Stopped by Jordan Binnington with a rebound.
12:52 of 2nd period - Wrist shot by Michael Chaput.
12:52 of 2nd period - Stopped by Jordan Binnington without a rebound.
12:53 of 2nd period - Bill Arnold wins face-off versus Dan Catenacci in Wild zone.
13:12 of 2nd period - Wrist shot by Bill Arnold.
13:12 of 2nd period - Shot Misses the Net.
13:14 of 2nd period - Snap shot by Ryan Parent.
13:14 of 2nd period - Stopped by Jordan Binnington without a rebound.
13:15 of 2nd period - Francis Wathier wins face-off versus Michael Chaput in Wild zone.
13:17 of 2nd period - Minor Penalty to Danny Hobbs for Tripping.
13:18 of 2nd period - Colin Stuart wins face-off versus Michael Chaput in Wild zone.
14:18 of 2nd period - Steve Eminger is hit by Reid Boucher and loses puck.
15:17 of 2nd period - Penalty to Danny Hobbs is over, Danny Hobbs is back on ice.
15:52 of 2nd period - Michael Mersch is hit by Mark Van Guilder and loses puck.
15:56 of 2nd period - Michael Mersch and Nick Tuzzolino fight to a draw.
15:56 of 2nd period - Penalty to Michael Mersch for Fighting.
15:56 of 2nd period - Penalty to Nick Tuzzolino for Fighting.
15:57 of 2nd period - Tyler Graovac wins face-off versus Mark Van Guilder in Condors zone.
16:02 of 2nd period - Snap shot by Steven Kampfer.
16:02 of 2nd period - Stopped by Jordan Binnington with a rebound.
16:04 of 2nd period - Slapshot by Steven Kampfer.
16:04 of 2nd period - Stopped by Jordan Binnington with a rebound.
16:49 of 2nd period - Ken Agostino is hit by Mike Moore and loses puck.
17:12 of 2nd period - Danny Hobbs is hit by Bill Arnold and loses puck.
17:17 of 2nd period - Slapshot by Rob Bordson.
17:17 of 2nd period - Shot Misses the Net.
17:29 of 2nd period - Snap shot by Bill Arnold.
17:29 of 2nd period - Deflect By Michael Chaput.
17:29 of 2nd period - Shot Blocked by Shane O'Brien.
17:29 of 2nd period - Puck is out of play.
17:30 of 2nd period - Alex Friesen wins face-off versus Teemu Pulkkinen in Wild zone.
18:01 of 2nd period - Snap shot by Colin Stuart.
18:01 of 2nd period - Shot Misses the Net.
18:03 of 2nd period - Slapshot by Jerome Leduc.
18:03 of 2nd period - Stopped by Ray Emery with a rebound.
18:05 of 2nd period - Snap shot by Alex Friesen.
18:05 of 2nd period - Shot Misses the Net.
18:42 of 2nd period - Kris Newbury is hit by Mark Van Guilder.
19:07 of 2nd period - Wrist shot by Bill Arnold.
19:07 of 2nd period - Stopped by Jordan Binnington with a rebound.
19:09 of 2nd period - Wrist shot by Michael Chaput.
19:09 of 2nd period - Shot Blocked by Micheal Haley.
19:22 of 2nd period - Steve Eminger beats up Anthony Bitetto.
19:22 of 2nd period - Penalty to Anthony Bitetto for Fighting.
19:22 of 2nd period - Penalty to Steve Eminger for Fighting.
19:22 of 2nd period - Penalty to Steve Eminger for instigated a fight.
19:22 of 2nd period - Penalty to Steve Eminger for instigated a fight.
19:23 of 2nd period - Tyler Graovac wins face-off versus Colin Stuart in Wild zone.
19:56 of 2nd period - Wrist shot by Reid Boucher.
19:56 of 2nd period - Goal by Reid Boucher - Wild : 0 - Condors : 1.
19:57 of 2nd period - Mark Van Guilder wins face-off versus Bill Arnold in neutral zone.
Goals for this period are 0 for Wild vs 1 for Condors.
Shots for this period are 4 for Wild vs 7 for Condors.

3rd period


0:01 of 3rd period - Dana Tyrell wins face-off versus Michael Chaput in neutral zone.
0:22 of 3rd period - Snap shot by Teemu Pulkkinen.
0:22 of 3rd period - Shot Misses the Net.
0:24 of 3rd period - Slapshot by Michael Chaput.
0:24 of 3rd period - Stopped by Jordan Binnington with a rebound.
0:26 of 3rd period - Snap shot by David Schlemko.
0:26 of 3rd period - Stopped by Jordan Binnington with a rebound.
0:28 of 3rd period - Slapshot by Steven Kampfer.
0:28 of 3rd period - Stopped by Jordan Binnington with a rebound.
0:30 of 3rd period - Slapshot by David Schlemko.
0:30 of 3rd period - Shot Blocked by Jerome Leduc.
0:34 of 3rd period - Wrist shot by Reid Boucher.
0:34 of 3rd period - Deflect By Teemu Pulkkinen.
0:34 of 3rd period - Stopped by Jordan Binnington with a rebound.
0:36 of 3rd period - Slapshot by David Schlemko.
0:36 of 3rd period - Shot Misses the Net.
0:50 of 3rd period - Dana Tyrell is hit by FARM PLAYER10 and loses puck.
1:01 of 3rd period - Wrist shot by Kris Newbury.
1:01 of 3rd period - Shot Blocked by Jerome Leduc.
1:03 of 3rd period - Slapshot by Taylor Fedun.
1:03 of 3rd period - Stopped by Jordan Binnington with a rebound.
1:05 of 3rd period - Wrist shot by Taylor Fedun.
1:05 of 3rd period - Stopped by Jordan Binnington with a rebound.
1:23 of 3rd period - Taylor Fedun is hit by Dana Tyrell and loses puck.
2:10 of 3rd period - Jon Landry is hit by Rob Bordson and loses puck.
2:35 of 3rd period - Wrist shot by Michael Chaput.
2:35 of 3rd period - Stopped by Jordan Binnington without a rebound.
2:36 of 3rd period - Michael Chaput wins face-off versus Dan Catenacci in Wild zone.
2:39 of 3rd period - Wrist shot by Reid Boucher.
2:39 of 3rd period - Stopped by Jordan Binnington with a rebound.
2:41 of 3rd period - Snap shot by David Schlemko.
2:41 of 3rd period - Stopped by Jordan Binnington with a rebound.
2:43 of 3rd period - Wrist shot by Reid Boucher.
2:43 of 3rd period - Goal by Reid Boucher - Wild : 0 - Condors : 2.
2:44 of 3rd period - Dan Catenacci wins face-off versus Tyler Graovac in neutral zone.
2:47 of 3rd period - Backhand shot by Shane O'Brien.
2:47 of 3rd period - Stopped by Ray Emery with a rebound.
2:49 of 3rd period - Snap shot by Francis Wathier.
2:49 of 3rd period - Stopped by Ray Emery without a rebound.
2:50 of 3rd period - Dan Catenacci wins face-off versus Kris Newbury in Condors zone.
3:21 of 3rd period - Dan Catenacci is hit by David Schlemko and loses puck.
4:33 of 3rd period - Slapshot by Micheal Haley.
4:33 of 3rd period - Stopped by Ray Emery without a rebound.
4:34 of 3rd period - Alex Friesen wins face-off versus Bill Arnold in Condors zone.
4:51 of 3rd period - Wrist shot by Alex Friesen.
4:51 of 3rd period - Stopped by Ray Emery without a rebound.
4:52 of 3rd period - Alex Friesen wins face-off versus Rob Bordson in Condors zone.
4:57 of 3rd period - Wrist shot by Alex Friesen.
4:57 of 3rd period - Goal by Alex Friesen - Wild : 1 - Condors : 2.
4:58 of 3rd period - Mark Van Guilder wins face-off versus Tyler Graovac in neutral zone.
5:01 of 3rd period - David Schlemko is hit by David Wolf and loses puck.
5:10 of 3rd period - Slapshot by Kris Newbury.
5:10 of 3rd period - Shot Misses the Net.
5:12 of 3rd period - Wrist shot by Tyler Graovac.
5:12 of 3rd period - Deflect By David Wolf.
5:12 of 3rd period - Shot Blocked by Mike Moore.
5:12 of 3rd period - Puck is out of play.
5:13 of 3rd period - Mark Van Guilder wins face-off versus Tyler Graovac in Wild zone.
5:20 of 3rd period - Snap shot by Tyler Graovac.
5:20 of 3rd period - Deflect By Kris Newbury.
5:20 of 3rd period - Stopped by Jordan Binnington with a rebound.
6:10 of 3rd period - Mark Van Guilder is hit by Reid Boucher and loses puck.
8:03 of 3rd period - Off-side.
8:04 of 3rd period - Dan Catenacci wins face-off versus Pat Cannone in neutral zone.
8:07 of 3rd period - David Schlemko is hit by Dan Catenacci and loses puck.
8:12 of 3rd period - Slapshot by Shane O'Brien.
8:12 of 3rd period - Stopped by Ray Emery with a rebound.
8:14 of 3rd period - Wrist shot by Danny Hobbs.
8:14 of 3rd period - Deflect By Francis Wathier.
8:14 of 3rd period - Shot Misses the Net.
8:14 of 3rd period - Puck is out of play.
8:15 of 3rd period - Bill Arnold wins face-off versus Dan Catenacci in Condors zone.
8:15 of 3rd period - Bill Arnold is hit by Nick Tuzzolino.
8:36 of 3rd period - Slapshot by Steven Kampfer.
8:36 of 3rd period - Stopped by Jordan Binnington without a rebound.
8:37 of 3rd period - Alex Friesen wins face-off versus Tyler Graovac in Wild zone.
9:10 of 3rd period - Minor Penalty to Mike Moore for High sticking.
9:11 of 3rd period - Colin Stuart wins face-off versus Michael Chaput in Wild zone.
9:31 of 3rd period - Slapshot by Reid Boucher.
9:31 of 3rd period - Stopped by Jordan Binnington with a rebound.
9:51 of 3rd period - Jerome Leduc is hit by Kris Newbury and loses puck.
10:50 of 3rd period - Jon Landry is hit by Taylor Fedun and loses puck.
11:10 of 3rd period - Penalty to Mike Moore is over, Mike Moore is back on ice.
11:34 of 3rd period - Wrist shot by Danny Hobbs.
11:34 of 3rd period - Stopped by Ray Emery without a rebound.
11:35 of 3rd period - Dan Catenacci wins face-off versus Pat Cannone in Condors zone.
11:42 of 3rd period - Wrist shot by Dan Catenacci.
11:42 of 3rd period - Shot Blocked by Ryan Parent.
11:53 of 3rd period - Wrist shot by Danny Hobbs.
11:53 of 3rd period - Shot Misses the Net.
14:01 of 3rd period - Off-side.
14:02 of 3rd period - Bill Arnold wins face-off versus Anthony Camara in neutral zone.
14:19 of 3rd period - Tommy Cross is hit by Anthony Camara and loses puck.
14:22 of 3rd period - 10 Minutes Misconduct Penalty to Steve Eminger is over.
14:58 of 3rd period - Snap shot by David Wolf.
14:58 of 3rd period - Shot Misses the Net.
15:00 of 3rd period - Wrist shot by David Wolf.
15:00 of 3rd period - Shot Misses the Net.
15:02 of 3rd period - Snap shot by David Wolf.
15:02 of 3rd period - Shot Misses the Net.
15:04 of 3rd period - Snap shot by Mike Moore.
15:04 of 3rd period - Stopped by Ray Emery with a rebound.
15:45 of 3rd period - Taylor Fedun is hit by Dana Tyrell and loses puck.
15:58 of 3rd period - Slapshot by Tyler Graovac.
15:58 of 3rd period - Stopped by Jordan Binnington with a rebound.
16:30 of 3rd period - Snap shot by David Wolf.
16:30 of 3rd period - Stopped by Ray Emery with a rebound.
16:32 of 3rd period - Slapshot by Jon Landry.
16:32 of 3rd period - Shot Blocked by Ryan Parent.
16:34 of 3rd period - Slapshot by Mark Van Guilder.
16:34 of 3rd period - Shot Misses the Net.
17:24 of 3rd period - Snap shot by Alex Friesen.
17:24 of 3rd period - Shot Misses the Net.
17:36 of 3rd period - Wrist shot by Alex Friesen.
17:36 of 3rd period - Stopped by Ray Emery without a rebound.
17:37 of 3rd period - Mark Van Guilder wins face-off versus Michael Chaput in Condors zone.
17:46 of 3rd period - Snap shot by Mark Van Guilder.
17:46 of 3rd period - Shot Blocked by Taylor Fedun.
18:54 of 3rd period - Slapshot by Bill Arnold.
18:54 of 3rd period - Shot Blocked by Mike Moore.
18:56 of 3rd period - Slapshot by Rob Bordson.
18:56 of 3rd period - Shot Blocked by Steve Eminger.
18:58 of 3rd period - Slapshot by Bill Arnold.
18:58 of 3rd period - Deflect By Michael Chaput.
18:58 of 3rd period - Stopped by Jordan Binnington without a rebound.
18:59 of 3rd period - Dean Evason call a timeout for Wild.
18:59 of 3rd period - Dan Catenacci wins face-off versus Bill Arnold in Wild zone.
19:06 of 3rd period - Wild, Jordan Binnington is pulled from the net.
19:16 of 3rd period - Snap shot by Danny Hobbs.
19:16 of 3rd period - Shot Blocked by David Schlemko.
19:52 of 3rd period - Slapshot by Dana Tyrell.
19:52 of 3rd period - Shot Misses the Net.
19:58 of 3rd period - Micheal Haley is hit by Steven Kampfer and loses puck.
19:59 of 3rd period - Micheal Haley from Wild is injured at 19:59 of 3rd period (Bruised Right Arm).
Goals for this period are 1 for Wild vs 1 for Condors.
Shots for this period are 10 for Wild vs 15 for Condors.